Unix NetHack Version 3.7.0-89 Work-in-progress - last build Oct 29 2023 02:39:45 (20cca84197b74dff38aa9bb07c633f6875ef724d,branch:master). Game began 2023-10-31 01:08:04, ended 2023-10-31 01:20:54. BeanNighe, neutral male human Tourist ------ |..<.+ #######@# |....| #####G## |....| ### --.--- ######## ###### BeanNighe the Sightseer St:10 Dx:12 Co:14 In:10 Wi:12 Ch:18 Neutral Dlvl:6 $:762 HP:0(29) Pw:13(13) AC:1 Xp:4/150 T:2452 Burdened Latest messages: In what direction? The dart misses the rabid rat. The rabid rat bites! It bites the rabid rat. The rabid rat bites it. What do you want to throw? [$a or ?*] In what direction? The dart misses the rabid rat. It misses the rabid rat. The rabid rat just misses! It misses the rabid rat. What do you want to throw? [$a or ?*] In what direction? You kill the rabid rat! Your movements are now unencumbered. You swap places with Lucey. You have a little trouble lifting 3 gold pieces. Continue? [ynq] (q) $ - 3 gold pieces (762 in total). There is a doorway here. You see here 3 uncursed +2 darts. You have a little trouble lifting 3 uncursed +2 darts. Continue? [ynq] (q) You have a little trouble lifting a - 3 uncursed +2 darts (at the ready) (20 in total). Your movements are slowed slightly because of your load. You attack thin air. You swap places with Lucey. You hear some noises in the distance. You swap places with Lucey. You fall down the stairs. You see here a food ration. You have a little trouble lifting P - a food ration. You swap places with Lucey. You hear a chugging sound. You hear a nearby zap. Lucey bites the gnome lord. The gnome lord thrusts one of his daggers at Lucey. The gnome lord hits Lucey. You hear some noises. The gnome lord zaps a pine wand! What do you want to throw? [$a or ?*] In what direction? The dart hits the gnome lord. It bites the gnome lord. The gnome lord thrusts one of his daggers at it. The gnome lord misses it. The gnome lord zaps a pine wand! The wand hits you! It bites the gnome lord. The gnome lord zaps a pine wand! The wand hits you! You die... Inventory: Coins ('$') $ - 762 gold pieces Weapons (')') a - 19 uncursed +2 darts (at the ready) Armor ('[') u - an uncursed +0 orcish helm (being worn) L - an uncursed +0 pair of gauntlets of dexterity (being worn) r - an uncursed +0 small shield (being worn) M - an uncursed +0 cloak of displacement (being worn) K - an uncursed +0 robe j - an uncursed +0 Hawaiian shirt with a plumeria motif (being worn) E - an uncursed +0 elven mithril-coat (being worn) Comestibles ('%') c - an uncursed candy bar labeled "Wonka Bar" n - an uncursed carrot b - 7 uncursed food rations P - an uncursed food ration f - an uncursed orange e - an uncursed tripe ration s - an uncursed tripe ration d - an uncursed egg O - 2 uncursed lichen corpses Scrolls ('?') B - a blessed scroll of create monster q - a cursed scroll of gold detection i - 4 uncursed scrolls of magic mapping A - an uncursed scroll of scare monster Potions ('!') z - a blessed potion of extra healing h - an uncursed potion of extra healing p - a blessed potion of gain ability m - a blessed potion of invisibility C - an uncursed potion of water Rings ('=') t - an uncursed ring of protection from shape changers I - an uncursed ring of searching Wands ('/') N - an uncursed wand of cold (0:4) Tools ('(') l - an uncursed credit card k - an uncursed expensive camera (0:35) w - an uncursed magic whistle y - an uncursed skeleton key Gems/Stones ('*') F - an uncursed worthless piece of white glass BeanNighe the Tourist's attributes: Background: You were a Sightseer, a level 4 male human Tourist. You were neutral, nominally on a mission for The Lady who was opposed by Blind Io (lawful) and Offler (chaotic). You were in the Dungeons of Doom, on level 6. You entered the dungeon 2452 turns ago. It was nighttime. There was a full moon in effect when your adventure ended. You had 150 experience points, 10 more were needed to attain level 5. Basics: You had 0 out of 29 hit points. You had all 13 energy points (spell power). Your armor class was 1. Your wallet contained 762 zorkmids. Autopickup was on for '$?!"=/*', with exceptions. Final Characteristics: Your strength was 10 (limit:18/100). Your dexterity was 12 (limit:18). Your constitution was 14 (limit:18). Your intelligence was 10 (limit:18). Your wisdom was 12 (limit:18). Your charisma was 18 (limit:18). Final Status: You weren't hungry. You were burdened; movement was slightly slowed. You were empty handed. You were unskilled in bare handed combat. Final Attributes: You were piously aligned. You were telepathic. You were displaced. You were guarded. You were lucky. You are dead. Miscellaneous: You disabled loading of bones levels. Total elapsed playing time was 12 minutes and 50 seconds. Major events: Turn 1: BeanNighe the neutral male human Tourist entered the dungeon 874: entered the Gnomish Mines 1167: attained the rank of Sightseer (level 3) 2452: killed by a wand Vanquished creatures: a human zombie 3 elf zombies a floating eye a homunculus a kobold leader a rabid rat a monkey 2 orc zombies a gas spore 4 hobbits a hobgoblin a giant rat a yellow mold a gnome a gecko 5 jackals a kobold 2 goblins 3 sewer rats 9 grid bugs 4 lichens a kobold zombie 3 newts 49 creatures vanquished. No species were genocided or became extinct. Voluntary challenges: You were an atheist. You never hit with a wielded weapon. You were illiterate. You never engraved Elbereth. You never genocided any monsters. You never polymorphed an object. You never changed form. You used no wishes. Achievements: You entered the Gnomish Mines. You attained the rank of Sightseer. You entered a shop. The Dungeons of Doom: levels 1 to 6 Level 1: Level 2: A grave. Level 3: A fountain. Stairs down to The Gnomish Mines. Level 4: Level 5: An armor shop. Level 6: <- You were here. Final resting place for you, killed by a wand. The Gnomish Mines: Level 4: Game over: ---------- / \ / REST \ / IN \ / PEACE \ / \ | BeanNighe | | 762 Au | | killed by a wand | | | | | | | | 2023 | *| * * * | * _________)/\\_//(\/(/\)/\//\/|_)_______ Aloha BeanNighe the Tourist... You died in The Dungeons of Doom on dungeon level 6 with 1154 points, and 762 pieces of gold, after 2452 moves. You were level 4 with a maximum of 29 hit points when you died.